 Dungeon Crawl Stone Soup version 0.31.0-10-gcf4a605ca0 (webtiles) character file.

Game seed: 10220745723185424946

126 Zeor the Shooter (level 4, -2/31 (34) HPs)
             Began as a Demonspawn Hunter on Jan 25, 2024.
             Slain by an orc
             ... wielding a +2 dagger of draining
              (3 damage)
             ... on level 3 of the Dungeon.
             The game lasted 00:04:07 (1900 turns).

Zeor the Shooter (Demonspawn Hunter)                Turns: 1900, Time: 00:04:08

HP:   -2/31 (34)    AC:  4    Str: 11    XL:     4   Next: 83%
MP:   4/4           EV: 12    Int:  9    God:
Gold: 83            SH:  0    Dex: 19    Spells: 3/3 levels left

rFire   . . .        a - +0 shortbow
rCold   . . .        (shield currently unavailable)
rNeg    . . .        c - +0 leather armour
rPois   .            (helmet restricted)
rElec   .            (no cloak)
rCorr   .            (no gloves)
SInv    +            (no boots)
Will    .....        (no amulet)
Stlth   ++           g - ring of see invisible
HPRegen 0.25/turn    (no ring)
MPRegen 0.09/turn

%: no passive effects
@: weak-willed, drained
A: horns 1, powered by pain 1, sharp scales 1
a: no special abilities


You were on level 3 of the Dungeon.
You visited 1 branch of the dungeon, and saw 3 of its levels.

You collected 83 gold pieces.

Inventory:

Hand Weapons
 a - a +0 shortbow (weapon)
 h - a +0 quarterstaff
Armour
 c - a +0 leather armour (worn)
Jewellery
 g - a ring of see invisible (left hand)
Wands
 i - a wand of flame (30)
 j - a wand of iceblast (4)
Scrolls
 b - a scroll of butterflies
Potions
 d - a potion of heal wounds
 e - a potion of curing {unknown}
 f - a potion of mutation {unknown}
 k - a potion of invisibility


   Skills:
 * Level 2.6 Fighting
 + Level 5.0 Ranged Weapons
 + Level 0.3 Armour
 * Level 2.3 Dodging
 + Level 1.3 Stealth


You had 3 spell levels left.
You didn't know any spells.
Your spell library was empty.

Dungeon Overview and Level Annotations

Branches:
Dungeon (3/15)

Altars:
Qazlal


Innate Abilities, Weirdness & Mutations

You have a pair of small horns on your head.
You sometimes gain a little power by taking damage.
You are partially covered in razor-sharp scales. (AC +1, Slay +1)


Message History

It was a scroll of vulnerability.
The orc hits you with a +2 dagger of draining.
You feel drained.
The endoplasm jiggles.
The quokka bites you but does no damage.
The orc wizard gestures at you while chanting.
You resist with significant effort.
Fire: a) +0 shortbow
Press: ? - help, Q - select action, (/) - cycle Shift-Dir - straight line, f/p - orc priest
Aim: an orc priest, wielding a +0 mace (moderately wounded, weak-willed, 65% to hit)
You shoot an arrow. The arrow hits the orc priest!
The orc priest is almost dead.
The quokka bites you but does no damage.
The orc hits you with a +2 dagger of draining.
You feel drained.
Fire: a) +0 shortbow
Press: ? - help, Q - select action, (/) - cycle Shift-Dir - straight line, f/p - orc priest
Aim: an orc priest, wielding a +0 mace (almost dead, weak-willed, 65% to hit)
You shoot an arrow. The arrow barely misses the orc priest.
The quokka closely misses you.
The orc hits you with a +2 dagger of draining.
* * * LOW HITPOINT WARNING * * *
You feel drained. The orc priest misses you. The quokka bites you.
* * * LOW HITPOINT WARNING * * *
You shoot an arrow. The arrow hits the orc priest!
You kill the orc priest!
The orc hits you with a +2 dagger of draining.
* * * LOW HITPOINT WARNING * * *
You feel drained.
* * * LOW HITPOINT WARNING * * *
The quokka barely misses you.
Your Ranged Weapons skill increases to level 5!
You shoot an arrow. The arrow hits the endoplasm.
The endoplasm is severely wounded.
The orc closely misses you. The endoplasm hits you.
* * * LOW HITPOINT WARNING * * *
The quokka bites you.
* * * LOW HITPOINT WARNING * * *
The orc hits you with a +2 dagger of draining.
You die...

▒ ▒▒▒▒▒▒▒▒ ▒▒ ▒∙∙∙∙∙∙▒ ∙▒▒▒
▒∙∙∙∙∙∙▒ ∙∙∙▒▒▒▒▒▒▒▒▒
▒6r∙∙∙∙▒
▒▒∙∙∙∙∙∙∙∙∙▒▒▒▒▒oJ∙∙∙∙▒∙
▒▒▒▒▒▒▒▒▒∙∙∙∙∙∙∙o∙∙∙∙∙∙∙∙∙
∙∙∙∙∙∙∙∙∙▒▒▒▒▒▒▒∙∙∙∙∙∙∙∙∙∙
∙≈≈≈≈≈≈≈∙▒ ▒∙∙∙∙∙∙∙<∙∙
≈∙∙≈≈≈∙∙≈▒ ▒∙∙∙∙[∙▒∙▒▒∙
≈∙≈∙∙∙≈∙≈▒ ▒∙∙∙∙∙∙∙∙∙o∙
≈∙≈∙▄∙≈∙≈▒▒▒▒▒▒▒▒▒▒▒▒▒∙▒∙▒
≈∙≈∙∙∙≈∙≈▒∙∙∙∙∙∙∙∙∙∙∙∙∙∙∙▒∙


You could see an orc wizard (invisible, weak-willed), an orc (weak-willed), an
endoplasm (weak-willed) and a quokka (weak-willed).

Vanquished Creatures
  An orc priest (D:3)
  Robin (D:2)
  2 gnolls (D:1)
  2 adders (D:2)
  3 dart slugs
  An endoplasm (D:1)
  12 goblins
  7 hobgoblins
  3 quokkas
  3 ball pythons
  2 bats
  3 kobolds
  5 rats
45 creatures vanquished.

Vanquished Creatures (others)
  A goblin (D:2)
1 creature vanquished.

Grand Total: 46 creatures vanquished

Notes
Turn   | Place    | Note
-------+----------+-------------------------------------------
     0 | D:1      | Zeor the Demonspawn Hunter began the quest for the Orb.
     0 | D:1      | Reached XP level 1. HP: 16/16 MP: 1/1
    10 | D:1      | Found a faded altar of an unknown god.
   126 | D:1      | Reached skill level 4 in Ranged Weapons
   126 | D:1      | Gained mutation: You have a pair of small horns on your
                  | head. [demonic ancestry]
   126 | D:1      | Reached XP level 2. HP: 13/22 MP: 2/2
   889 | D:1      | Gained mutation: You are partially covered in razor-sharp
                  | scales. (AC +1, Slay +1) [demonic ancestry]
   889 | D:1      | Reached XP level 3. HP: 8/27 MP: 3/3
  1406 | D:2      | Noticed Robin
  1411 | D:2      | Killed Robin
  1577 | D:2      | Gained mutation: You sometimes gain a little power by
                  | taking damage. [demonic ancestry]
  1577 | D:2      | Reached XP level 4. HP: 32/34 MP: 4/4
  1642 | D:2      | Reached skill level 1 in Stealth
  1830 | D:3      | Found a stormy altar of Qazlal.
  1900 | D:3      | Reached skill level 5 in Ranged Weapons
  1900 | D:3      | HP: 1/31 [quokka (1)]
  1900 | D:3      | Slain by an orc

Illustrated notes

Levels and vault maps discovered:
D:1:      dpeg_arrival_connections, layout_basic,
          shapermc_ecumenical_altar_notcrosses, serial_bayou_pond_c
D:2:      layout_basic, uniq_robin
D:3:      layout_rooms, mainiacjoe_overflow_paths, gammafunk_ghost_arena

Skill      XL: |  1  2  3  4 |
---------------+-------------+-----
Ranged Weapons | 4 5 |  5.0
Dodging        | 2 |  2.3
Stealth        | 1 |  1.3
Fighting       | |  2.6
Armour         | |  0.3

Action                     |  1- 3 |  4- 6 || total
---------------------------+-------+-------++-------
   Fire: Shortbow          |   102 |    40 ||   142
    Use: Scroll            |     4 |     2 ||     6
         Potion            |     1 |       ||     1
 Armour: Leather armour    |    26 |    19 ||    45
  Dodge: Dodged            |    21 |    19 ||    40
